[Event "Early-Titled-Tuesday-Blitz-September-26-2023"]
[Site "Chess.com"]
[Date "2023.09.26"]
[Round "4"]
[White "nikitakhoroshev"]
[Black "Cambek64"]
[Result "1-0"]
[WhiteElo "2640"]
[BlackElo "2463"]
[TimeControl "180+1"]
[EndTime "8:39:40 PDT"]
[Termination "nikitakhoroshev won on time"]

1. e4 c5 2. c3 Qa5 3. Na3 Nc6 4. Nf3 d6 5. Nc4 Qc7 6. d4 Nf6 7. e5 dxe5 8. dxe5 Ng4 9. Bf4 Be6 10. h3 Rd8 11.
Qa4 Nh6 12. g4 Bd5 13. Bg2 e6 14. O-O a6 15. Ne3 Be7 16. Nxd5 Rxd5 17. Rad1 Rxd1 18. Rxd1 O-O 19. Qe4 Rd8 20. Rxd8+ Qxd8 21. Bf1 Qd5 22. Bd3 Qxe4 23. Bxe4 Nd8 24. a4 Kh8 25. Kf1 Ng8 26. Ke2 h6 27. Kd3 g6 28. Kc4 Kg7 29. Be3 f5 30.
exf6+ Nxf6 31. Bc2 Nd7 32. Be4 Nb6+ 33. Kb3 c4+ 34.
Kc2 Nxa4 35. Ne5 g5 36. Nxc4 Bc5 37. b4 Bxe3 38. fxe3 Kf6 39. Kd3 b5 40. Nd6 Ke5 41. Nb7 Nb2+ 42. Ke2 Kxe4 43. Nxd8 Na4 44. Kd2 Kf3 45.
Nxe6 Kg3 46. Ng7 Kxh3 47. Nf5 Kxg4 48. Nxh6+ Kf3 49. Kd3 g4 50. Nf5 g3 51. e4 Nb2+ 52. Kd4 g2 53. Nh4+ Kf2 54. Nxg2 Kxg2 55. e5 1-0

[Event "Early-Titled-Tuesday-Blitz-September-26-2023"]
[Site "Chess.com"]
[Date "2023.09.26"]
[Round "4"]
[White "AsaHoffmann"]
[Black "ZuraTqebuchava"]
[Result "1-0"]
[WhiteElo "2407"]
[BlackElo "2250"]
[TimeControl "180+1"]
[EndTime "8:39:40 PDT"]
[Termination "AsaHoffmann won on time"]

1. d4 d5 2. Bg5 h6 3. Bh4 Nf6 4. Nd2 e6 5. e3 Be7 6. Bd3 b6 7. f4 Ba6 8. Bxa6 Nxa6 9. Ngf3 O-O 10.
Ne5 Nb8 11. O-O c5 12. c3 Qd6 13. f5 Nbd7 14. Bg3 exf5 15. Ng6 Qe6 16. Nxf8 Bxf8 17.
Qf3 g6 18. Rae1 Ne4 19. Nxe4 dxe4 20. Qf4 cxd4 21. cxd4 Qxa2 22. Qc7 Qe6 23. Ra1 a5 24. Rfc1 Nf6 25. Qc6 Qxc6 26. Rxc6 Nd5 27. Kf2 g5 28. Be5 f4 29. exf4 gxf4 30. Re1 e3+ 31. Kf3 a4 32. Bxf4 Nxf4 33. Kxf4 a3 34. bxa3 Rxa3 35. Rxe3 Ra2 36. Kf3 Kg7 37. Rxb6 Rd2 38. Re4 Rd3+ 39. Ke2 Rc3 40.
Rf4 Rc2+ 41. Kd3 Rxg2 42. Rb7 Bd6 43. Rfxf7+ Kg8 44. Rfd7 Bf8 45. h4 Rg3+ 46. Kc4 Rg4 47. h5 Rg5 48. Rd5 Rg1 49. Rb8 Rc1+ 50. Kd3 Rd1+ 51.
Ke2 Rh1 52. Rdd8 Rf1 53. Kxf1 1-0

[Event "Early-Titled-Tuesday-Blitz-September-26-2023"]
[Site "Chess.com"]
[Date "2023.09.26"]
[Round "4"]
[White "Denis_Makhnyov"]
[Black "GMTalks_Youtube"]
[Result "1-0"]
[WhiteElo "2928"]
[BlackElo "2757"]
[TimeControl "180+1"]
[EndTime "8:39:41 PDT"]
[Termination "Denis_Makhnyov won on time"]

1. f4 b5 2. Nf3 Bb7 3. g3 g6 4.
Bg2 Bg7 5. O-O c5 6. d3 d6 7. e4 Nf6 8. h3 Nc6 9. g4 b4 10. Nbd2 Nd7 11. Qe1 a5 12. Nc4 Nb6 13. Ne3 a4 14. a3 bxa3 15. Rxa3 Nd4 16. Kh1 Qc7 17.
Nd2 O-O 18. f5 Rad8 19. Ndc4 Bc6 20. Qf2 Nxc4 21. dxc4 Qb7 22. Nd5 Bxd5 23. exd5 Ra8 24. Be4 Kh8 25. h4 gxf5 26. gxf5 Bf6 27. Rg3 Rg8 28.
Rg5 Qb4 29. c3 Qxc4 30. cxd4 Bxd4 31. Qf3 Rxg5 32. hxg5 Rb8 33. f6 exf6 34. Qf5 1-0

[Event "Early-Titled-Tuesday-Blitz-September-26-2023"]
[Site "Chess.com"]
[Date "2023.09.26"]
[Round "4"]
[White "stepanosinovsky"]
[Black "FoxOnTheRun97"]
[Result "1-0"]
[WhiteElo "2355"]
[BlackElo "2544"]
[TimeControl "180+1"]
[EndTime "8:39:42 PDT"]
[Termination "stepanosinovsky won by checkmate"]

1. Nf3 Nf6 2. g3 d5 3. Bg2 Bf5 4. O-O e6 5. d3 h6 6. Nbd2 c6 7. b3 Nbd7 8. Bb2 Bc5 9. c4 O-O 10. Rc1 Qe7 11. Rc2 a5 12. cxd5 exd5 13. e4 dxe4 14. dxe4 Nxe4 15. Nh4 Bh7 16. Nxe4 Bxe4 17. Re2 f5 18. Nxf5 Rxf5 19. Bxe4 Re5 20. Bxe5 Nxe5 21. Qa1 Kh8 22. Bxc6 Bd6 23. Bd5 Qg5 24. f4 Bc5+ 25. Kg2 Qh5 26. Qxe5 Qg6 27. Qe4 Qh5 28. Rd1 Rf8 29. Bc4 b5 30. Rd5 Qf7 31. Bd3 Qc7 32. Qh7# 1-0

[Event "Early-Titled-Tuesday-Blitz-September-26-2023"]
[Site "Chess.com"]
[Date "2023.09.26"]
[Round "4"]
[White "karinachess1"]
[Black "Antik5"]
[Result "1-0"]
[WhiteElo "2605"]
[BlackElo "2374"]
[TimeControl "180+1"]
[EndTime "8:39:42 PDT"]
[Termination "karinachess1 won by checkmate"]

1. d4 Nf6 2. c4 e6 3. Nc3 Bb4 4.
Qc2 d5 5. a3 Bxc3+ 6. Qxc3 dxc4 7. e3 b5 8. Nf3 Bb7 9. Be2 O-O 10. O-O Nbd7 11. a4 a6 12. Rd1 Be4 13. Nd2 Nd5 14. Qa5 Bc2 15. Re1 N7b6 16. Bf3 Bxa4 17. Ne4 c3 18.
Rxa4 Nxa4 19. bxc3 Ndb6 20. Qb4 Nc4 21. Nc5 Nxc5 22.
Qxc5 Rb8 23. e4 Qd6 24. Qh5 e5 25. Rd1 Rfd8 26. Bg5 f6 27. Bc1 exd4 28. cxd4 a5 29. Bg4 a4 30. Bf5 h6 31. Bxh6 gxh6 32. Qg6+ Kf8 33.
Qxh6+ Ke8 34. Qh8+ Ke7 35. Qg7+ Ke8 36. Bg6# 1-0

[Event "Early-Titled-Tuesday-Blitz-September-26-2023"]
[Site "Chess.com"]
[Date "2023.09.26"]
[Round "4"]
[White "EvgenyBurmakin"]
[Black "lefonghua"]
[Result "0-1"]
[WhiteElo "2317"]
[BlackElo "2624"]
[TimeControl "180+1"]
[EndTime "8:39:43 PDT"]
[Termination "lefonghua won by checkmate"]

1. e4 c5 2. Nc3 g6 3. d4 cxd4 4. Qxd4 Nf6 5. Qa4 Nc6 6. Nf3 d6 7. Bg5 Bg7 8. O-O-O Bd7 9. Qb3 O-O 10. Nd5 Nxd5 11. exd5 Ne5 12. Nxe5 Bxe5 13. Bh6 Re8 14. f4 Bf6 15. Bd3 b5 16. f5 a5 17. fxg6 hxg6 18. a3 b4 19. a4 Qb6 20. Rhf1 Rac8 21. Rde1 Qd4 22. Re4 Qc5 23. g4 Kh7 24. Be3 Qc7 25.
h4 Kg7 26. h5 Rh8 27. g5 Be5 28. h6+ Kh7 29. Rxf7+ Kg8 30. Rxe7 Rh7 31. R4xe5 Qd8 32. Rxh7 Kxh7 33. Bxg6+ Kxg6 34. Qd3+ Kh5 35. g6+ dxe5 36. g7 Qf6 37. Qe4 Bf5 38. Qf3+ Kg6 39. Qg2+ Kh7 40. Kb1 Bxc2+ 41. Ka1 Bg6 42. Qg4 Qf1+ 43. Ka2 Qb1+ 44.
Kb3 Bc2# 0-1

[Event "Early-Titled-Tuesday-Blitz-September-26-2023"]
[Site "Chess.com"]
[Date "2023.09.26"]
[Round "4"]
[White "CarlosjPineror"]
[Black "Chessbard1972"]
[Result "0-1"]
[WhiteElo "2573"]
[BlackElo "2388"]
[TimeControl "180+1"]
[EndTime "8:39:43 PDT"]
[Termination "Chessbard1972 won on time"]

1. e4 e5 2. Nf3 Nc6 3. Bb5 f5 4. d3 fxe4 5. dxe4 Nf6 6. Qe2 d6 7. c3 Be7 8. a4 Bg4 9. h3 Bh5 10. Bc4 h6 11. g4 Bg6 12. Nbd2 Qd7 13. Nh4 Bh7 14. Nf5 Bf8 15. b4 O-O-O 16. Bb2 d5 17.
exd5 Nxd5 18. O-O-O Nf4 19. Qe3 Bxf5 20. gxf5 Qxf5 21. Ne4 Be7 22. Rxd8+ Rxd8 23. Rg1 g5 24. a5 a6 25. Rh1 Kb8 26. Kc2 Ng2 27. Qe2 Nf4 28.
Qf3 h5 29. Bc1 g4 30. hxg4 hxg4 31. Qe3 Bxb4 32. cxb4 Rd4 33. Bb2 Nxb4+ 34. Kb3 Rxc4 35. Rh8+ Qc8 36. Rxc8+ Kxc8 37. Kxc4 Nc6 38. Qg3 Nxa5+ 39. Kc3 Ne2+ 40. Kb4 Nxg3 41. Kxa5 Nxe4 42. Bxe5 Nxf2 0-1

[Event "Early-Titled-Tuesday-Blitz-September-26-2023"]
[Site "Chess.com"]
[Date "2023.09.26"]
[Round "4"]
[White "Djager97"]
[Black "Zurability"]
[Result "0-1"]
[WhiteElo "2556"]
[BlackElo "2747"]
[TimeControl "180+1"]
[EndTime "8:39:44 PDT"]
[Termination "Zurability won on time"]

1. e4 c5 2. Nf3 d6 3. d4 cxd4 4. Nxd4 Nf6 5. Nc3 g6 6. Be3 Bg7 7. f3 a6 8. Qd2 Nbd7 9. O-O-O b5 10. Bh6 Bxh6 11. Qxh6 Bb7 12. Kb1 Rc8 13. Nd5 Nxd5 14. exd5 Nf6 15. Bd3 Bxd5 16. Rhe1 Kd7 17. g4 Qb6 18.
Qe3 Rhe8 19. g5 Nh5 20. f4 e6 21. Be2 Ng7 22. Qh3 Rh8 23. Bf3 Bxf3 24. Nxf3 Nf5 25. Ne5+ Ke7 26. Ng4 Rc4 27. Nf6 Qf2 28. Qd3 h6 29.
Nd5+ Kf8 30. b3 Rc8 31. Nf6 hxg5 32. fxg5 Rxh2 33. Rc1 Qd4 34. Qf3 d5 0-1

[Event "Early-Titled-Tuesday-Blitz-September-26-2023"]
[Site "Chess.com"]
[Date "2023.09.26"]
[Round "4"]
[White "brm72"]
[Black "RobertoJBM"]
[Result "1-0"]
[WhiteElo "2543"]
[BlackElo "2820"]
[TimeControl "180+1"]
[EndTime "8:39:44 PDT"]
[Termination "brm72 won on time"]

1. e4 c6 2. Nc3 d5 3. Nf3 dxe4 4. Nxe4 Bg4 5. h3 Bxf3 6. Qxf3 Nd7 7. b3 Ngf6 8. Bb2 e6 9. O-O-O Be7 10. g4 Nxe4 11.
Qxe4 Bf6 12. d4 h5 13. Bg2 Qa5 14. Kb1 O-O-O 15. f4 g6 16. Rhf1 hxg4 17. hxg4 Rh4 18. Qe2 Nb6 19. c4 Nd7 20. Be4 Rdh8 21. Rf2 Qd8 22.
Bc2 Kb8 23. g5 Bg7 24. d5 Bxb2 25. Kxb2 exd5 26. cxd5 c5 27. d6 Re8 28. Qc4 Re6 29. Qd5 a6 30. f5 Nb6 31. Qxc5 gxf5 32.
Bxf5 Re8 33. d7 Reh8 34. Qe5+ Ka7 35. a4 Na8 36. Qc5+ Kb8 37. Qc8+ Ka7 38. Qxd8 Rxd8 39. Re2 1-0

[Event "Early-Titled-Tuesday-Blitz-September-26-2023"]
[Site "Chess.com"]
[Date "2023.09.26"]
[Round "4"]
[White "PawnEatingZombie"]
[Black "TomLiu777"]
[Result "0-1"]
[WhiteElo "2159"]
[BlackElo "2362"]
[TimeControl "180+1"]
[EndTime "8:39:44 PDT"]
[Termination "TomLiu777 won on time"]

1. e4 c6 2. d3 d5 3. Nd2 Nf6 4. Ngf3 e6 5. g3 Be7 6. Bg2 O-O 7. O-O b6 8. Re1 Bb7 9. e5 Nfd7 10. Nf1 c5 11. h4 Nc6 12. Bf4 Nd4 13. N1h2 Rc8 14. c3 Nxf3+ 15. Qxf3 Rc7 16. d4 Nb8 17. Qg4 cxd4 18.
Bh6 g6 19. Bxf8 Qxf8 20. cxd4 Nc6 21. Nf3 Nb4 22. Rec1 Rxc1+ 23. Rxc1 h5 24. Qf4 Nd3 25. Qe3 Nxc1 26. Qxc1 Qe8 27. Qc7 Ba6 28. Qxa7 Be2 29. Qxb6 Qd8 30. Qxd8+ Bxd8 31. Ne1 Bb6 32. Bf1 Bd1 33.
f4 Bxd4+ 34. Kh2 Bxb2 0-1

[Event "Early-Titled-Tuesday-Blitz-September-26-2023"]
[Site "Chess.com"]
[Date "2023.09.26"]
[Round "4"]
[White "platy3"]
[Black "Journey_to_GrandMaster_YT"]
[Result "0-1"]
[WhiteElo "2857"]
[BlackElo "2605"]
[TimeControl "180+1"]
[EndTime "8:39:45 PDT"]
[Termination "Journey_to_GrandMaster_YT won by resignation"]

1. e4 d6 2. d4 Nf6 3. Nc3 e5 4.
Nge2 c6 5. g3 b5 6. a3 Bb7 7. Bg2 Be7 8. O-O Nbd7 9. h3 O-O 10.
Be3 a5 11. d5 cxd5 12. Nxd5 Nxd5 13. exd5 f5 14. f4 e4 15. a4 b4 16. c4 bxc3 17. Nxc3 Ba6 18. Rf2 Nc5 19. Rd2 Nd3 20. Bf1 Bf6 21. Rb1 Nxb2 22. Rdxb2 Bxc3 23. Rb6 Bxf1 24. Qxf1 Bb4 25. Qb5 Rc8 26. Rc6 Rb8 27. Qc4 Bc5 28. Re1 Rb4 29. Qc3 Bxe3+ 30. Rxe3 Rxa4 31. Rc7 Qf6 32. Qxf6 Rxf6 33. Ra7 h5 34. h4 Rf7 35.
Ra6 Rb7 36. Rxd6 Rb2 37. Re1 Ra3 38. Rg6 Kf7 39. Re6 Rxg3+ 40. Kh1 Rh3+ 41. Kg1 Rxh4 42. Rd1 Rg4+ 43. Kh1 Rxf4 44. Re5 Rb3 45. d6 Rd3 46. Rxd3 exd3 47. Rd5 Ke8 48. Kg2 Kd7 49. Kg3 g5 50. Rxd3 h4+ 51. Kh3 a4 52. Rd5 a3 53. Ra5 Rf3+ 54.
Kg2 Rg3+ 55. Kh2 Kxd6 56. Rxf5 Kc6 57. Ra5 Kb6 58. Ra8 Kb5 59. Rb8+ Kc4 60. Rc8+ Kb3 61. Rb8+ Ka2 62. Rb7 Rb3 63. Ra7 Kb2 0-1

[Event "Early-Titled-Tuesday-Blitz-September-26-2023"]
[Site "Chess.com"]
[Date "2023.09.26"]
[Round "4"]
[White "Incognito_Knight"]
[Black "deribas12345"]
[Result "1-0"]
[WhiteElo "2756"]
[BlackElo "2559"]
[TimeControl "180+1"]
[EndTime "8:39:45 PDT"]
[Termination "Incognito_Knight won on time"]

1. b3 Nf6 2. Bb2 g6 3. Nf3 Bg7 4. c4 O-O 5. g3 d6 6. d4 Bg4 7. Bg2 c5 8. O-O Nc6 9. d5 Bxf3 10. Bxf3 Nb8 11. Nc3 Nbd7 12. Bg2 a6 13. Qd2 Ne8 14.
e4 Qa5 15. a4 Nc7 16. Qc2 Rab8 17. Kh1 Qb4 18. f4 Qa5 19. e5 dxe5 20. f5 Ne8 21. fxg6 hxg6 22. Bh3 Rd8 23. Ne4 Nd6 24. Ng5 Qb6 25. Be6 e4 26. Bxg7 Kxg7 27. Bxf7 Nxf7 28.
Ne6+ Kg8 29. Qxe4 Nde5 30. Rxf7 Rxf7 31. Nxd8 1-0

[Event "Early-Titled-Tuesday-Blitz-September-26-2023"]
[Site "Chess.com"]
[Date "2023.09.26"]
[Round "4"]
[White "Elprofessor21"]
[Black "Dewarfd"]
[Result "1-0"]
[WhiteElo "2612"]
[BlackElo "2146"]
[TimeControl "180+1"]
[EndTime "8:39:46 PDT"]
[Termination "Elprofessor21 won by checkmate"]

1. d4 d5 2. Nf3 e6 3. Bf4 c5 4. e3 Bd6 5. Nc3 Nf6 6. Bb5+ Nc6 7. O-O Bxf4 8. exf4 cxd4 9. Nxd4 Bd7 10. Re1 O-O 11.
Nf3 Qb6 12. Rb1 Rac8 13. Ne5 Rfd8 14. Bxc6 bxc6 15. b4 a5 16. Na4 Qb5 17. c4 dxc4 18.
bxa5 Be8 19. Qc2 Qxa5 20. Nb6 Rd2 21. Qc1 Rcd8 22. Nbxc4 Qxa2 23. Nxd2 Rxd2 24. Ra1 Qb2 25. Qxb2 Rxb2 26. Ra8 g6 27. g3 Kg7 28. g4 h6 29.
g5 hxg5 30. fxg5 Ng4 31. Nxg4 Bd7 32. Nf6 Rd2 33. Rg8# 1-0

[Event "Early-Titled-Tuesday-Blitz-September-26-2023"]
[Site "Chess.com"]
[Date "2023.09.26"]
[Round "4"]
[White "Tssunami"]
[Black "Roman_Ovetchkin"]
[Result "0-1"]
[WhiteElo "2405"]
[BlackElo "2690"]
[TimeControl "180+1"]
[EndTime "8:39:46 PDT"]
[Termination "Roman_Ovetchkin won by resignation"]

1. d4 Nf6 2. c4 c5 3. d5 b5 4.
cxb5 a6 5. e3 g6 6. Nc3 Bg7 7.
a4 O-O 8. e4 d6 9. Nf3 axb5 10.
Bxb5 Ba6 11. Ra3 Nfd7 12. O-O Bxb5 13. Nxb5 Na6 14. h4 Nc7 15. h5 Nxb5 16. axb5 Rb8 17. Ng5 Rxb5 18. hxg6 hxg6 19. Rh3 Nf6 20. Bd2 Qc8 21.
Bc3 Qg4 22. Qd3 Rfb8 23. Rg3 Qh4 24. e5 dxe5 25. Bxe5 Ng4 26. Nf3 Nxe5 27. Nxe5 Bxe5 28. Rh3 Qg4 29. Re1 Rxb2 30. Rhe3 Bd6 31. Qf1 c4 32. Rc3 R8b4 33. Rec1 Qf5 34. Rxc4 Rxc4 35. Rxc4 Rb1 36. Rc1 Rxc1 37. Qxc1 Qxd5 38. g3 Bc5 39. Qc2 e5 40. Qe2 Kg7 41. Kh2 Bd4 42.
Kg1 Qc5 43. Kh2 Bxf2 0-1

[Event "Early-Titled-Tuesday-Blitz-September-26-2023"]
[Site "Chess.com"]
[Date "2023.09.26"]
[Round "4"]
[White "mapleaff"]
[Black "angryspacevoid"]
[Result "0-1"]
[WhiteElo "2337"]
[BlackElo "2530"]
[TimeControl "180+1"]
[EndTime "8:39:46 PDT"]
[Termination "angryspacevoid won on time"]

1. e4 d5 2. exd5 Nf6 3. Bb5+ Bd7 4. Be2 Bf5 5. Nf3 Nxd5 6. d4 e6 7. O-O Nc6 8. c4 Ndb4 9. Na3 Bg4 10. Be3 Be7 11. h3 Bh5 12. Nc2 Nxc2 13. Qxc2 Bxf3 14. Bxf3 Nxd4 15. Bxd4 Qxd4 16. Bxb7 Rb8 17. Bc6+ Kf8 18. b3 Bd6 19. Rad1 Qe5 20. g3 h5 21. Rfe1 Qc5 22.
Qe4 Bxg3 23. Re3 Bd6 24. Rf3 Rh6 25. Bd7 Kg8 26. Kh1 Rd8 27. Bc6 f5 28. Qh4 Be7 29.
Rxd8+ Kh7 30. Qf4 Bxd8 31. Be8 Be7 32. Qe3 Qd6 33. Qd3 Qe5 34. Re3 Qf4 35. Bd7 Bd6 36.
Rg3 Qxf2 37. Rg2 Qe1+ 38. Rg1 Qe5 39. Rg2 Rg6 40. Qf3 Qe1+ 0-1

[Event "Early-Titled-Tuesday-Blitz-September-26-2023"]
[Site "Chess.com"]
[Date "2023.09.26"]
[Round "4"]
[White "Predator0608"]
[Black "Darko-Dimitrijevic"]
[Result "1-0"]
[WhiteElo "2458"]
[BlackElo "2145"]
[TimeControl "180+1"]
[EndTime "8:39:46 PDT"]
[Termination "Predator0608 won by checkmate"]

1. f4 d5 2. Nf3 g6 3. g3 Bg7 4. Bg2 c5 5. O-O Nc6 6. d3 b6 7. e4 dxe4 8. dxe4 Bb7 9. e5 Nh6 10.
Nc3 O-O 11. Ng5 Nf5 12. g4 Nfd4 13. Ne2 h6 14. Nh3 Nxe2+ 15. Qxe2 Nd4 16. Qf2 Bxg2 17. Qxg2 Qd7 18. c3 Nc6 19. Be3 Rfd8 20. Rad1 Qc7 21. Qe4 e6 22. Qf3 Rac8 23. Nf2 Na5 24. Ne4 Nc4 25. Bc1 Rxd1 26. Rxd1 Rd8 27. b3 Na5 28. g5 h5 29. Be3 Nc6 30. Kf2 a5 31. Rxd8+ Qxd8 32. Nd6 Qc7 33. Qe4 Qd7 34. Ke2 Kf8 35. Qc4 Qb7 36. Nxb7 Ne7 37. Qa6 Kg8 38. Qa8+ Kh7 39.
Nd6 Nf5 40. Nxf7 Nh4 41. Qe8 Nf5 42. Qxe6 Nh4 43. Qc8 Nf5 44. e6 Ne7 45. Qe8 Nf5 46. e7 Nd6 47. Nxd6 c4 48. Qf7 Kh8 49. Ne8 Kh7 50.
Qxg7# 1-0

[Event "Early-Titled-Tuesday-Blitz-September-26-2023"]
[Site "Chess.com"]
[Date "2023.09.26"]
[Round "4"]
[White "sorch29"]
[Black "melissa_guez"]
[Result "0-1"]
[WhiteElo "2304"]
[BlackElo "2101"]
[TimeControl "180+1"]
[EndTime "8:39:46 PDT"]
[Termination "melissa_guez won by resignation"]

1. c4 c5 2. Nc3 Nf6 3. Nf3 d5 4. cxd5 Nxd5 5. e3 Nc6 6. Bb5 Nc7 7. Bc4 e5 8. O-O Be7 9. b3 O-O 10. Bb2 Kh8 11. Nb5 Nxb5 12. Bxb5 f6 13. Bxc6 bxc6 14. d3 Ba6 15. Ne1 e4 16. dxe4 Bxf1 17. Kxf1 Qxd1 18. Rxd1 Rfd8 19. Ke2 a5 20. Rxd8+ Rxd8 21. Nd3 a4 22. Ba3 axb3 23. axb3 Rb8 24. Nc1 c4 25.
Bxe7 cxb3 26. Nd3 b2 27. Nxb2 Rxb2+ 28. Kf3 Kg8 29. g4 Kf7 30. Bc5 Rc2 31. Bd6 c5 32. h4 c4 33. e5 c3 34. exf6 gxf6 35. Bb4 Rc1 36. Ke2 c2 37. Kd2 Rb1 0-1

[Event "Early-Titled-Tuesday-Blitz-September-26-2023"]
[Site "Chess.com"]
[Date "2023.09.26"]
[Round "4"]
[White "Arek_pacitan"]
[Black "Levanzovsky"]
[Result "1-0"]
[WhiteElo "2680"]
[BlackElo "2481"]
[TimeControl "180+1"]
[EndTime "8:39:48 PDT"]
[Termination "Arek_pacitan won on time"]

1. e4 c5 2. Nf3 d6 3. d4 cxd4 4. Nxd4 Nf6 5. Nc3 a6 6. Bg5 e6 7. f4 Be7 8. Qf3 Qc7 9. O-O-O Nbd7 10. g4 b5 11. Bxf6 Nxf6 12. g5 Nd7 13. f5 O-O 14. f6 gxf6 15. gxf6 Nxf6 16. e5 dxe5 17. Nc6 Bb7 18. Qg3+ Kh8 19. Nxe5 Bd8 20. Rxd8 Rfxd8 21. Ng6+ fxg6 22. Qxc7 Bxh1 23. Qe5 Kg7 24. Bd3 Bd5 25. Ne2 Rf8 26. Nf4 Rae8 27. h4 Kg8 28. h5 Ng4 29. Qg5 Nf2 30. Bxg6 hxg6 31. Qxg6+ Kh8 32. Qh6+ Kg8 33.
Ng6 Ne4 34. b3 Kf7 35. Qh7+ Kf6 36. Nxf8 Kg5 37. Qg6+ 1-0

[Event "Early-Titled-Tuesday-Blitz-September-26-2023"]
[Site "Chess.com"]
[Date "2023.09.26"]
[Round "4"]
[White "CalinGheorghiu"]
[Black "Staudenhocker43"]
[Result "0-1"]
[WhiteElo "2356"]
[BlackElo "2575"]
[TimeControl "180+1"]
[EndTime "8:39:48 PDT"]
[Termination "Staudenhocker43 won on time"]

1. e4 c5 2. Nf3 d6 3. d4 cxd4 4. Qxd4 Nc6 5. Bb5 Bd7 6. Bxc6 Bxc6 7. Nc3 Nf6 8. Bg5 e6 9. O-O-O Be7 10. Kb1 O-O 11.
Rhe1 Qa5 12. Qd2 Rfd8 13. Nd4 Qa6 14. Qe2 Be8 15. Qxa6 bxa6 16. f4 h6 17. Bh4 g5 18.
fxg5 Nh7 19. Bg3 hxg5 20. Nb3 Nf6 21. e5 dxe5 22. Bxe5 Bc6 23. Nd4 Bb7 24. h3 Rac8 25.
g3 Nd7 26. Nb3 Nxe5 27. Rxe5 Bf6 28. Ree1 Bxc3 29. bxc3 Rxd1+ 30. Rxd1 Rxc3 31. Rd7 Bg2 32. Rxa7 Rxg3 33. Rxa6 Bxh3 34. c4 g4 35. c5 Bf1 36.
Ra8+ Kg7 37. c6 Rc3 0-1

[Event "Early-Titled-Tuesday-Blitz-September-26-2023"]
[Site "Chess.com"]
[Date "2023.09.26"]
[Round "4"]
[White "DonkyDonkyDonkey"]
[Black "Andrej2004"]
[Result "1-0"]
[WhiteElo "2742"]
[BlackElo "2562"]
[TimeControl "180+1"]
[EndTime "8:39:50 PDT"]
[Termination "DonkyDonkyDonkey won by checkmate"]

1. d4 b6 2. e4 Bb7 3. Nc3 g6 4. Nf3 Bg7 5. Bd3 d6 6. h4 h6 7. Be3 e5 8. dxe5 dxe5 9. h5 g5 10. Qe2 Nd7 11. O-O-O Qe7 12. Nb5 Nc5 13. Bc4 Nxe4 14.
Bd5 Bxd5 15. Rxd5 c6 16. Qc4 cxd5 17. Qc6+ Qd7 18. Qxa8+ Ke7 19. Nxa7 Ngf6 20. Nc6+ Kd6 21. Qa3+ Nc5 22. Ncxe5 Qb7 23. Qb4 Ne4 24. Rd1 Ra8 25.
Nc4+ Kc7 26. Na3 Ra4 27. Qb5 Ra5 28. Qe2 Rxa3 29. bxa3 Qa7 30. Bxc5 bxc5 31. Qe3 Bc3 32. Rxd5 Qxa3+ 33. Kd1 Qb4 34. Ke2 f5 35. Rxf5 Bb2 36. Qd3 Nc3+ 37. Kf1 Qg4 38. Rf7+ Kb6 39. Qd6+ Ka5 40.
Qxc5+ Ka4 41. Ra7# 1-0

[Event "Early-Titled-Tuesday-Blitz-September-26-2023"]
[Site "Chess.com"]
[Date "2023.09.26"]
[Round "4"]
[White "Maxfan2008"]
[Black "Crazy_girl99"]
[Result "1-0"]
[WhiteElo "2559"]
[BlackElo "2722"]
[TimeControl "180+1"]
[EndTime "8:39:50 PDT"]
[Termination "Maxfan2008 won by resignation"]

1. d4 Nf6 2. c4 e6 3. Nc3 b6 4.
e4 Bb7 5. e5 Ne4 6. Nf3 Bb4 7.
Qc2 d5 8. cxd5 exd5 9. Bb5+ c6 10. Bd3 c5 11. O-O Bxc3 12. bxc3 O-O 13. Ba3 Qc8 14. Ne1 h6 15. f3 Ng5 16. Bf5 Qc7 17. Nd3 Na6 18. Nf4 Rfe8 19. Qf2 Rad8 20. Rad1 Bc8 21. Bb1 Qc6 22. Bc1 cxd4 23. cxd4 Nc7 24. Nh5 Nce6 25. h4 Nh7 26. Qg3 Kh8 27. f4 Qc4 28. Be3 Rg8 29.
f5 Nc7 30. Qf3 Qa4 31. Kh1 Qd7 32. Bc1 Qe7 33. f6 gxf6 34. Qd3 f5 35. Rxf5 Qxh4+ 36.
Kg1 Qxh5 37. Rxh5 1-0

[Event "Early-Titled-Tuesday-Blitz-September-26-2023"]
[Site "Chess.com"]
[Date "2023.09.26"]
[Round "4"]
[White "only_strong_moves"]
[Black "ArtemDyachuk"]
[Result "0-1"]
[WhiteElo "2525"]
[BlackElo "2702"]
[TimeControl "180+1"]
[EndTime "8:39:50 PDT"]
[Termination "ArtemDyachuk won on time"]

1. e4 c5 2. Nf3 d6 3. d4 cxd4 4.
Nxd4 Nf6 5. Nc3 Nc6 6. Bg5 Bd7 7. Nb3 e6 8. Be2 a6 9. a4 Rc8 10. O-O Be7 11. Kh1 Na5 12. Nxa5 Qxa5 13. Bd2 Qc7 14.
f4 O-O 15. Bd3 Bc6 16. Qe2 Nd7 17. b4 Nf6 18. b5 axb5 19. Nxb5 Bxb5 20. axb5 Ra8 21.
Be3 Qc3 22. Qe1 Qc7 23. Bg1 d5 24. exd5 Rxa1 25. Qxa1 Nxd5 26. f5 Bf6 27. Qa4 Nc3 28. Qg4 e5 29. Qb4 Re8 30. Bc5 e4 31. Bc4 Rc8 32.
Ra1 h5 33. Bxf7+ Qxf7 34. Ra7 e3 35. Bxe3 Nd5 36. Qe4 Re8 0-1

[Event "Early-Titled-Tuesday-Blitz-September-26-2023"]
[Site "Chess.com"]
[Date "2023.09.26"]
[Round "4"]
[White "Vladimir_Zakhartsov"]
[Black "wannabe2700"]
[Result "0-1"]
[WhiteElo "2837"]
[BlackElo "2646"]
[TimeControl "180+1"]
[EndTime "8:39:51 PDT"]
[Termination "wannabe2700 won by resignation"]

1. e4 d5 2. exd5 Qxd5 3. Nc3 Qa5 4. Nf3 Nf6 5. Bc4 Bf5 6. d3 e6 7. Bd2 c6 8. O-O Nbd7 9. a3 Qc7 10. h3 Bd6 11. b4 O-O 12. Re1 Ne5 13. Bb3 Rfd8 14. Bg5 Nxf3+ 15. Qxf3 Bh2+ 16. Kh1 Be5 17. Bd2 a5 18.
Qe2 Bd4 19. Rab1 axb4 20. axb4 b5 21. Nd1 Nd5 22. Qf3 Qd6 23. Ne3 Bg6 24. h4 h6 25. h5 Bh7 26. Nxd5 cxd5 27. Qg4 Bf6 28. Bf4 Qxb4 29. Bxd5 Qxe1+ 30. Rxe1 Rxd5 31. Bxh6 Ra4 32. c4 Bxd3 33. Bxg7 Rxc4 34. f4 Bf5 35. Qg3 Rd3 36. Re3 Rxe3 37. Qxe3 Bxg7 38. Qg3 Kh7 39. Qg5 b4 40.
Qe7 b3 41. h6 b2 42. Qxf7 b1=Q+ 43. Kh2 Qb2 44. hxg7 Qxg7 45. Qe8 Rc2 0-1

[Event "Early-Titled-Tuesday-Blitz-September-26-2023"]
[Site "Chess.com"]
[Date "2023.09.26"]
[Round "4"]
[White "CSB7"]
[Black "Oleksandr_Bortnyk"]
[Result "1-0"]
[WhiteElo "2727"]
[BlackElo "3023"]
[TimeControl "180+1"]
[EndTime "8:39:51 PDT"]
[Termination "CSB7 won on time"]

1. Nf3 Nf6 2. c4 b6 3. g3 Bb7 4. Bg2 g6 5. b3 Bg7 6. Bb2 O-O 7.
O-O e6 8. Nc3 Na6 9. Re1 d5 10.
cxd5 exd5 11. d4 Ne4 12. e3 c5 13. Rc1 Re8 14. a3 Rc8 15. Nb5 Qd7 16. a4 Bc6 17. Ne5 Qe7 18. Nxc6 Rxc6 19. Ba1 Nb4 20. Nc3 cxd4 21.
Nxd5 Qd6 22. Nxb4 Rxc1 23. Qxc1 Qxb4 24. Bxd4 Qxb3 25. Bxg7 Kxg7 26. a5 Nc3 27. axb6 axb6 28. Qd2 Qc4 29. Bf1 Qc5 30. Ra1 b5 31. Qd7 Re7 32. Qd8 Rc7 33. Ra8 b4 34. Qh8+ Kh6 35. Rg8 f5 36. Re8 Ne4 37. g4 1-0

[Event "Early-Titled-Tuesday-Blitz-September-26-2023"]
[Site "Chess.com"]
[Date "2023.09.26"]
[Round "4"]
[White "kuanysh1981"]
[Black "CheckThis4"]
[Result "1/2-1/2"]
[WhiteElo "2513"]
[BlackElo "2677"]
[TimeControl "180+1"]
[EndTime "8:39:51 PDT"]
[Termination "Game drawn - insufficient material"]

1. e4 d5 2. exd5 Nf6 3. Nf3 Bg4 4.
Be2 Qxd5 5. d4 Nc6 6. h3 Bxf3 7.
Bxf3 Qd7 8. c3 O-O-O 9. O-O e5 10.
Qa4 exd4 11. cxd4 Nxd4 12. Qxa7 Nxf3+ 13. gxf3 Qxh3 14. Qa8+ Kd7 15. Qa4+ Kc8 16. Qa8+ Kd7 17. Qa4+ c6 18. Rd1+ Bd6 19. Bf4 Ke7 20. Rxd6 Rxd6 21. Bxd6+ Kxd6 22. Qf4+ Kd7 23. Nc3 Qe6 24. Rd1+ Nd5 25.
Nxd5 cxd5 26. Qa4+ Ke7 27. Qb4+ Kf6 28. Qxb7 Rd8 29. a4 d4 30. a5 Rd5 31. Qb6 Qxb6 32. axb6 Rb5 33. Rxd4 Rxb6 34. b4 Ke5 35. Rc4 g5 36.
Kg2 h5 37. Kg3 f5 38. f4+ gxf4+ 39. Rxf4 Rg6+ 40. Kf3 Rc6 41. Rh4 Rc3+ 42. Kg2 Rb3 43. Rxh5 Rxb4 44. Rh3 Rg4+ 45. Rg3 Kf4 46. Rxg4+ Kxg4 47. f4 Kxf4 48. Kf2 Ke4 49. Ke2 f4 50. Kf2 f3 51. Kf1 Kf4 52. Kf2 Ke4 53. Kf1 Ke3 54. Ke1 f2+ 55. Kf1 Kd2 56. Kxf2 1/2-1/2